 Dungeon Crawl Stone Soup version 0.28-a0-863-g8cecda6153 (webtiles) character file.

Game seed: 7117927152517013992

1745 Strat the Slicer (level 8, -7/60 HPs)
             Began as a Demonspawn Brigand on Nov 17, 2021.
             Was a Follower of Nemelex Xobeh.
             Mangled by a basilisk (9 damage)
             ... on level 6 of the Dungeon.
             The game lasted 00:18:27 (8685 turns).

Strat the Slicer (Demonspawn Brigand)               Turns: 8685, Time: 00:18:28

Health: -7/60      AC:  9    Str: 13    XL:     8   Next: 77%
Magic:  8/8        EV: 14    Int: 13    God:    Nemelex Xobeh [*.....]
Gold:   360        SH:  0    Dex: 15    Spells: 7/7 levels left

rFire   . . .      SeeInvis .   a - +3 dagger
rCold   . . .      Faith    .   (no shield)
rNeg    . . .      Spirit   .   t - +0 ring mail
rPois   .          Reflect  .   k - +0 helmet
rElec   .          Harm     .   c - +0 cloak
rCorr   +          Rampage  .   (no gloves)
Will    .....                   (no boots)
Stlth   ++........              (no amulet)
HPRegen 0.20/turn               s - ring of resist corrosion
MPRegen 0.11/turn               y - +4 ring of evasion

@: no status effects
A: claws 2, icy blue scales 1, demonic guardian 1
a: Renounce Religion, Draw Escape, Draw Destruction, Draw Summoning


You were on level 6 of the Dungeon.
You worshipped Nemelex Xobeh.
Nemelex Xobeh was aware of your devotion.
You visited 1 branch of the dungeon, and saw 7 of its levels.

You collected 360 gold pieces.

Inventory:

Hand Weapons
 a - a +3 dagger (weapon)
 o - a +1 quarterstaff of draining
 v - a +0 long sword
 x - a +0 scimitar
Missiles
 d - 48 poisoned darts (quivered)
 e - 2 curare-tipped darts
 f - 121 stones
Armour
 b - a +0 robe
 c - a +0 cloak (worn)
 i - a +0 leather armour
 k - a +0 helmet (worn)
 t - a +0 ring mail (worn)
Jewellery
 s - a ring of resist corrosion (left claw)
 y - a +4 ring of evasion (right claw)
Scrolls
 h - 2 scrolls of fog
 q - a scroll of noise
 u - a scroll of magic mapping
Potions
 g - a potion of lignification
 j - 3 potions of flight
 m - 2 potions of attraction
 n - a potion of cancellation
 p - a potion of curing
 r - 3 potions of haste {unknown}


   Skills:
 - Level 4.0 Fighting
 - Level 8.0(8.4) Short Blades
 + Level 3.6(6.3) Long Blades
 - Level 1.7 Throwing
 - Level 3.0 Armour
 - Level 0.8 Dodging
 - Level 5.0 Stealth


You had 7 spell levels left.
You didn't know any spells.
Your spell library was empty.

Dungeon Overview and Level Annotations

Branches:
Dungeon (7/15)             Temple (0/1) D:6

Altars:
Cheibriados
Elyvilon
Gozag
Hepliaklqana
Nemelex Xobeh
Ru
Trog
Vehumet
Wu Jian
Xom

Shops:
D:2 [

Annotations:
D:2 Sigmund
D:3 Jessica
D:7 Dowan, Duvessa, Menkaure


Innate Abilities, Weirdness & Mutations

You have very sharp fingernails.
You are partially covered in icy blue scales. (AC +2)
A weak demonic guardian rushes to your aid.


Message History

The black bear is heavily wounded.
The black bear bites you but does no damage.
The black bear barely misses you.
The black bear claws you but does no damage.
You hit the black bear.
The black bear is severely wounded.
Your quasit closely misses the basilisk.
Your quasit claws the basilisk.
Your quasit claws the basilisk but does no damage.
The black bear closely misses you. The black bear barely misses you.
The black bear claws you but does no damage.
You hit the black bear.
The black bear is almost dead.
Your quasit bites the basilisk.
Your quasit barely misses the basilisk.
Your quasit claws the basilisk.
You closely miss the black bear.
The black bear is almost dead.
Your quasit misses the basilisk. x2
Your quasit closely misses the basilisk.
The black bear goes berserk!
You hit the black bear.
You kill the black bear!
Your quasit disappears in a puff of smoke!
You hit the basilisk but do no damage.
The basilisk is moderately wounded.
The basilisk gazes at you. You resist with some effort.
You hit the basilisk.
The basilisk is moderately wounded.
You barely miss the basilisk.
The basilisk is moderately wounded.
The basilisk bites you.
* * * LOW HITPOINT WARNING * * *
You hit the basilisk.
The basilisk is heavily wounded.
You miss the basilisk.
The basilisk is heavily wounded.
The basilisk bites you!
You die...
Your body disappears without a glow.

#####.##.####### #.#....... .....
#.# ##.##..###. ..### #.#
##...##.##.# ..# #.##.####
##.....###.##
..###....5..#########.......#.##
...#####.>l............._......##
...# ####.#########.......###.#
...# #.##########.....#####) .###
#....l@....##...##..... .#
##############.##...... ##
#.##.#.... #......### ########


You could see a basilisk.

Vanquished Creatures
  A steam dragon (D:6)
  Edmund (D:5)
  A sky beast (D:7)
  A black bear (D:6)
  3 ogres
  A centaur (D:5)
  Blork the orc (D:6)
  A bullfrog (D:6)
  2 scorpions (D:4)
  3 hounds
  An iguana (D:6)
  2 gnoll shamans (D:5)
  3 orc wizards (D:6)
  A hound zombie (D:5)
  A hound skeleton (D:4)
  11 adders
  20 gnolls
  A howler monkey skeleton (D:6)
  2 shadow imps (D:6)
  An ufetubus (D:5)
  2 worms
  2 dart slugs (D:2)
  10 orcs
  7 endoplasms
  3 giant cockroaches
  7 goblins
  7 hobgoblins
  7 jackals
  2 quokkas (D:1)
  13 ball pythons
  6 bats
  3 frilled lizards
  4 kobolds
  12 rats
143 creatures vanquished.

Vanquished Creatures (collateral kills)
  2 gnolls (D:5)
2 creatures vanquished.

Grand Total: 145 creatures vanquished

Notes
Turn   | Place    | Note
-------+----------+-------------------------------------------
     0 | D:1      | Strat the Demonspawn Brigand began the quest for the Orb.
     0 | D:1      | Reached XP level 1. HP: 16/16 MP: 1/1
    58 | D:1      | Reached skill level 2 in Short Blades
   196 | D:1      | Gained mutation: You have sharp fingernails. [demonic
                  | ancestry]
   196 | D:1      | Reached XP level 2. HP: 7/22 MP: 2/2
   524 | D:1      | Reached skill level 3 in Short Blades
   873 | D:1      | Gained mutation: You are partially covered in icy blue
                  | scales. (AC +2) [demonic ancestry]
   873 | D:1      | Reached XP level 3. HP: 27/27 MP: 3/3
  1434 | D:2      | Found a faded altar of an unknown god.
  1747 | D:2      | Noticed Sigmund
  1763 | D:1      | Reached XP level 4. HP: 31/33 MP: 4/4
  1822 | D:2      | Reached skill level 4 in Short Blades
  1939 | D:2      | Found Willi's Armour Emporium.
  2990 | D:3      | Gained mutation: A weak demonic guardian rushes to your
                  | aid. [demonic ancestry]
  2990 | D:3      | Reached XP level 5. HP: 23/38 MP: 5/5
  3274 | D:3      | Noticed Jessica
  3519 | D:3      | Reached skill level 5 in Short Blades
  3681 | D:3      | Reached skill level 1 in Armour
  4234 | D:4      | Found a sparkling altar of Nemelex Xobeh.
  4439 | D:4      | Became a worshipper of Nemelex Xobeh the Trickster
  4448 | D:4      | Found a bloodstained altar of Trog.
  4451 | D:4      | Found a snail-covered altar of Cheibriados.
  4727 | D:5      | Entered Level 5 of the Dungeon
  4757 | D:5      | Noticed an ogre
  4762 | D:5      | Noticed a centaur
  4782 | D:5      | Killed a centaur
  4783 | D:5      | Gained mutation: You have very sharp fingernails. [demonic
                  | ancestry]
  4783 | D:5      | Reached XP level 6. HP: 23/47 MP: 6/6
  5604 | D:4      | Reached XP level 7. HP: 52/52 MP: 7/7
  5681 | D:4      | Reached skill level 6 in Short Blades
  5928 | D:5      | Reached * piety under Nemelex Xobeh
  6221 | D:5      | Found a shimmering altar of Xom.
  6229 | D:5      | Found a sacrificial altar of Ru.
  6703 | D:5      | Noticed Edmund
  6727 | D:5      | Killed Edmund
  6728 | D:5      | Reached skill level 7 in Short Blades
  6842 | D:5      | Found an opulent altar of Gozag.
  7181 | D:6      | Received a gift from Nemelex Xobeh
  7204 | D:6      | Noticed a basilisk
  7323 | D:6      | Noticed a steam dragon
  7350 | D:6      | Killed a steam dragon
  7351 | D:6      | Reached XP level 8. HP: 38/60 MP: 8/8
  7472 | D:6      | Found a staircase to the Ecumenical Temple.
  8048 | D:6      | Reached skill level 5 in Stealth
  8120 | D:6      | Found a hazy altar of Hepliaklqana.
  8120 | D:6      | Noticed Blork the orc
  8156 | D:6      | Killed Blork the orc
  8239 | D:6      | Found a faded altar of an unknown god.
  8360 | D:6      | Reached skill level 8 in Short Blades
  8384 | D:6      | Found an ornate altar of the Wu Jian Council.
  8409 | D:6      | Reached skill level 1 in Long Blades
  8603 | D:7      | Noticed Menkaure
  8616 | D:7      | Found a radiant altar of Vehumet.
  8630 | D:7      | Noticed Duvessa
  8630 | D:7      | Noticed Dowan
  8683 | D:6      | HP: 2/60 [basilisk (4)]
  8685 | D:6      | Mangled by a basilisk

Illustrated notes

Levels and vault maps discovered:
D:1:      dpeg_arrival_rhombi, layout_loops_ring, minmay_misc_feat_room
D:2:      layout_rooms, nicolae_ecumenical_oubliette, serial_shops,
          nicolae_shop_behind_doors, st_stairs_5, minmay_rat_gold_closets,
          uniq_sigmund
D:3:      layout_basic, elyvilon_altar_1, minmay_snake_closets, uniq_jessica
D:4:      layout_cave_pods, grunt_temple_overflow_cloverleaf
D:5:      layout_basic, grunt_gozag_statues, mainiacjoe_overflow_big_doors,
          uniq_edmund
D:6:      layout_loops_ring, beargit_hepliaklqana_dungeon_heroes,
          lemuel_round_altar, temple_statues, minmay_misc_feat_pillars
D:7:      layout_cave_pools, lemuel_crystal_altar, nicolae_underground_beach,
          uniq_duvessa, uniq_menkaure

Skill      XL: |  1  2  3  4  5  6  7  8 |
---------------+-------------------------+-----
Short Blades   | 2 3 4 5 7 8 |  8.0
Armour         | 2 3 |  3.0
Fighting       | 3 4 |  4.0
Stealth        | 4 5 |  5.0
Long Blades    | 3 |  3.6
Throwing       | |  1.7
Dodging        | |  0.8

Action                   |  1- 3 |  4- 6 |  7- 9 || total
-------------------------+-------+-------+-------++-------
Melee: Dagger            |   134 |   172 |   305 ||   611
Throw: Dart              |     3 |    37 |    56 ||    96
  Use: Scroll            |     4 |    12 |     4 ||    20
       Potion            |       |       |     2 ||     2
 Stab: Sleeping          |     7 |    18 |     1 ||    26
       Distracted        |       |       |     1 ||     1
Armor: Robe              |     9 |       |       ||     9
       Leather armour    |    42 |    39 |       ||    81
       Ring mail         |       |     6 |    84 ||    90
Dodge: Dodged            |    77 |    80 |   170 ||   327

Table legend: (Time is in decaauts)
 A = Elapsed time spent in this place.
 B = Non-inter-level travel time spent in this place.
 C = Inter-level travel time spent in this place.
 D = Time resting spent in this place.
 E = Time spent auto-exploring this place.
 F = Levels seen in this place.
 G = Mean time per level.
                   A        B        C        D        E       F      G
               +--------+--------+--------+--------+--------+-----+--------+
         Total |   8507 |   8199 |    308 |   2473 |   3637 |   7 | 1215.3 |
       Dungeon |   8507 |   8199 |    308 |   2473 |   3637 |   7 | 1215.3 |
               +--------+--------+--------+--------+--------+-----+--------+

Top non-repeatable levels by time:
     D:5: 1773 daAuts
     D:1: 1563 daAuts
     D:6: 1418 daAuts
     D:3: 1385 daAuts
     D:2: 1158 daAuts
     D:4: 1148 daAuts
     D:7: 61 daAuts
